 Dungeon Crawl Stone Soup version 0.25-a0-737-g26c3a87c45 (webtiles) character file.

Game seed: 5834906676777162444, levelgen mode: deterministic

1184 Esekla the Slasher (level 8, -2/60 HPs)
             Began as a Barachi Warper on Apr 12, 2020.
             Was an Initiate of Elyvilon.
             Slain by a centaur (6 damage)
             ... on level 5 of the Dungeon.
             The game lasted 00:44:29 (5289 turns).

Esekla the Slasher (Barachi Warper)                 Turns: 5289, Time: 00:44:30

Health: -2/60      AC:  4    Str: 13    XL:     8   Next: 42%
Magic:  15/15      EV: 12    Int: 14    God:    Elyvilon [......]
Gold:   209        SH:  0    Dex: 11    Spells: 12/16 levels left

rFire    + . .     SeeInvis .   l - +0 long sword
rCold    . . .     Gourm    .   (no shield)
rNeg     . . .     Faith    .   b - +0 leather armour
rPois    .         Spirit   .   (no helmet)
rElec    +         Reflect  .   (no cloak)
rCorr    .         Harm     .   x - +0 pair of gloves
MR       .....                  (no boots)
Stlth    +.........             (no amulet)
HPRegen  0.20/turn              (no ring)
MPRegen  0.14/turn              (no ring)

@: slow
A: +LOS, swims, dopey 1, fire resistance 1, electricity resistance, slowness 1,
MP-powered wands, strong legs 1
a: Hop, Renounce Religion


You were on level 5 of the Dungeon.
You worshipped Elyvilon.
Elyvilon was noncommittal.
You were not hungry.

You visited 2 branches of the dungeon, and saw 6 of its levels.

You collected 209 gold pieces.

Inventory:

Hand Weapons
 l - a +0 long sword (weapon)
 v - a +1 rapier of venom
Missiles
 e - 5 boomerangs of dispersal
 h - 14 poisoned darts (quivered)
 G - 4 boomerangs
Armour
 b - a +0 leather armour (worn)
 t - a +0 helmet
 x - a +0 pair of gloves (worn)
Wands
 u - a wand of iceblast (4)
Scrolls
 a - 2 scrolls of identify
 c - 4 scrolls of noise {unknown}
 d - a scroll of blinking
 g - 2 scrolls of random uselessness {unknown}
 m - 2 scrolls of enchant armour {unknown}
 o - a scroll of fog {unknown}
 p - a scroll of enchant weapon {unknown}
 q - a scroll of magic mapping {unknown}
 r - 2 scrolls of remove curse {unknown}
 y - a scroll of teleportation {unknown}
 A - a scroll of amnesia {unknown}
Potions
 i - 6 potions of curing
 j - 2 potions of flight
 k - 3 potions of stabbing
 n - 4 potions of brilliance
 s - a potion of might {unknown}
 w - a potion of magic {unknown}
 z - a potion of haste {unknown}
 B - a potion of berserk rage {unknown}
 C - a potion of resistance {unknown}
 D - a potion of degeneration {unknown}
 E - a potion of heal wounds
Comestibles
 f - 13 rations
 F - 3 chunks of flesh


   Skills:
 + Level 3.9 Fighting
 + Level 1.0(4.6) Short Blades
 * Level 7.9 Long Blades
 + Level 2.2 Throwing
 + Level 3.5 Armour
 + Level 3.5 Dodging
 * Level 4.8 Spellcasting
 + Level 1.9 Charms
 + Level 3.9 Translocations


You had 12 spell levels left.
You knew the following spells:

 Your Spells              Type           Power        Failure   Level  Hunger
a - Shroud of Golubria    Chrm/Tloc      ##....       10%         2    ##.....
b - Blink                 Tloc           N/A          6%          2    ##.....

Your spell library contained the following spells:

 Spells                   Type           Power        Failure   Level  Hunger
 Gell's Gravitas          Tloc           ##........   13%         3    ###....
 Lesser Beckoning         Tloc           ##........   13%         3    ###....
 Teleport Other           Tloc           ##......     13%         3    ###....
 Passage of Golubria      Tloc           N/A          38%         4    ####...


Dungeon Overview and Level Annotations

Branches:
Dungeon (5/15)             Temple (1/1) D:5

Altars:
Cheibriados
Dithmenos
Elyvilon
Fedhas
Gozag
Hepliaklqana
Kikubaaqudgha
Makhleb
Nemelex Xobeh
Okawaru
Ru
Sif Muna
Trog
Wu Jian
Xom
Zin
The Shining One

Annotations:
D:3 Grinder


Innate Abilities, Weirdness & Mutations

You can be seen from farther away. (+LOS)
You can swim through water.
You cover ground slowly.
You can hop short distances.
You are dopey. (Int -2)
Your flesh is heat resistant. (rF+)
You are resistant to electric shocks. (rElec)
You expend magic power (3 MP) to strengthen your wands.


Message History

The hound skeleton bites you.
* * * LOW HITPOINT WARNING * * *
The hound skeleton closely misses you.
You barely miss the hound skeleton.
The hound skeleton is almost destroyed.
The hound skeleton closely misses you.
You hit the hound skeleton.
You destroy the hound skeleton!
The centaur shouts!
The centaur wields a +0 shortbow.
The centaur shoots an arrow.
The arrow misses you.
Things that are here:
a +0 shortbow; 26 arrows You open the door.
The centaur shoots an arrow.
The arrow hits you!
* * * LOW HITPOINT WARNING * * *
The centaur shoots an arrow.
The arrow barely misses you.
You see here an arrow.
The centaur unwields a +0 shortbow.
The centaur hits you.
You die...

#....#...##...#.#..#
###.....#..##..#..#...
........#....#......#
##.......#..#........
#.....##..##..##...##
#.....##..##..##†###.
#........#..#........
#...)...#....#.......
#####..c@..#..##..#......
#......##(#...##...#.....
#......###..........#....
#....(.####'##..#######..
##...(..........# #####..
#...............##......
#...............##......
#.c.............##......
#...............##......


You could see a centaur.

Vanquished Creatures
  Sigmund (D:3)
  Duvessa (D:5)
  A sky beast (D:5)
  An ogre (D:5)
  A centaur (D:5)
  Blork the orc (D:5)
  Dowan (D:5)
  A scorpion (D:4)
  2 crimson imps (D:5)
  An orc wizard (D:5)
  A hound (D:5)
  An iguana (D:4)
  Natasha (D:2)
  Ijyb (D:3)
  4 worker ants
  A hound zombie (D:2)
  2 hound skeletons
  Robin (D:2)
  3 adders
  An adder skeleton (D:5)
  2 dart slugs (D:1)
  4 worms
  A leopard gecko (D:2)
  12 orcs
  14 goblins
  11 hobgoblins
  10 kobolds
  A quokka (D:2)
  2 ball pythons (D:2)
  16 bats
  3 frilled lizards
  A giant cockroach zombie (D:5)
  A leopard gecko skeleton (D:5)
  2 quokka zombies (D:5)
  3 rats
110 creatures vanquished.

Notes
Turn   | Place    | Note
-------+----------+-------------------------------------------
     0 | D:1      | Esekla the Barachi Warper began the quest for the Orb.
     0 | D:1      | Reached XP level 1. HP: 17/17 MP: 3/3
    78 | D:1      | Reached skill level 3 in Long Blades
    83 | D:1      | Reached XP level 2. HP: 9/23 MP: 5/5
   340 | D:1      | Learned a level 2 spell: Shroud of Golubria
   343 | D:1      | Learned a level 2 spell: Blink
   349 | D:2      | Found a faded altar of an unknown god.
   372 | D:2      | Reached XP level 3. HP: 16/28 MP: 6/6
   503 | D:2      | Became a worshipper of Ru the Awakened
   679 | D:1      | Reached skill level 4 in Long Blades
   887 | D:1      | Reached XP level 4. HP: 31/34 MP: 4/7
  1921 | D:2      | Noticed Robin
  1976 | D:2      | Killed Robin
  2179 | D:3      | Noticed Natasha
  2188 | D:2      | Reached XP level 5. HP: 39/39 MP: 7/9
  2267 | D:3      | Noticed Ijyb
  2406 | D:3      | Reached skill level 5 in Long Blades
  2490 | D:2      | Killed Natasha
  2752 | D:3      | Killed Ijyb
  2764 | D:3      | Noticed Sigmund
  2797 | D:3      | HP: 2/40 [Sigmund/+0 scythe (5)]
  2801 | D:3      | Killed Sigmund
  2801 | D:3      | Reached skill level 1 in Charms
  2801 | D:3      | Reached XP level 6. HP: 3/47 MP: 9/11
  2845 | D:3      | Noticed Grinder
  3365 | D:4      | Reached XP level 7. HP: 52/52 MP: 12/12
  3384 | D:4      | Reached skill level 6 in Long Blades
  3803 | D:4      | Gained mutation: You have a pair of small antennae on your
                  | head. [potion of mutation]
  3803 | D:4      | Gained mutation: You are clumsy. (Dex -2) [potion of
                  | mutation]
  3803 | D:4      | Gained mutation: You passively map a small area around you.
                  | [potion of mutation]
  3803 | D:4      | Gained mutation: You are partially covered in iridescent
                  | scales. (AC +2) [potion of mutation]
  4113 | D:5      | Entered Level 5 of the Dungeon
  4113 | D:5      | Found a blossoming altar of Fedhas.
  4113 | D:5      | Noticed Blork the orc
  4158 | D:5      | Killed Blork the orc
  4267 | D:5      | Found a staircase to the Ecumenical Temple.
  4286 | Temple   | Entered the Ecumenical Temple
  4425 | Temple   | Fell from the grace of Ru
  4425 | Temple   | Became a worshipper of Elyvilon the Healer
  4697 | D:5      | Noticed Duvessa
  4698 | D:5      | Noticed Dowan
  4722 | D:5      | Killed Duvessa
  4722 | D:5      | Reached skill level 7 in Long Blades
  4732 | D:5      | Killed Dowan
  4732 | D:5      | Reached XP level 8. HP: 12/59 MP: 14/14
  4976 | D:5      | Lost mutation: You are partially covered in iridescent
                  | scales. (AC +2) [potion of mutation]
  4976 | D:5      | Lost mutation: You have a pair of small antennae on your
                  | head. [potion of mutation]
  4976 | D:5      | Lost mutation: You are clumsy. (Dex -2) [potion of
                  | mutation]
  4976 | D:5      | Gained mutation: You have sharp toenails. [potion of
                  | mutation]
  4976 | D:5      | Gained mutation: Your body sometimes deteriorates upon
                  | taking damage. [potion of mutation]
  4976 | D:5      | Gained mutation: You are partially covered in iridescent
                  | scales. (AC +2) [potion of mutation]
  4977 | D:5      | Lost mutation: Your body sometimes deteriorates upon taking
                  | damage. [potion of mutation]
  4977 | D:5      | Lost mutation: You passively map a small area around you.
                  | [potion of mutation]
  4977 | D:5      | Lost mutation: You have sharp toenails. [potion of
                  | mutation]
  4977 | D:5      | Gained mutation: You are frail. (-10% HP) [potion of
                  | mutation]
  4977 | D:5      | Gained mutation: You are resistant to electric shocks.
                  | (rElec) [potion of mutation]
  4978 | D:5      | Lost mutation: You are frail. (-10% HP) [potion of
                  | mutation]
  4978 | D:5      | Lost mutation: You are partially covered in iridescent
                  | scales. (AC +2) [potion of mutation]
  4978 | D:5      | Lost mutation: You are resistant to electric shocks.
                  | (rElec) [potion of mutation]
  4978 | D:5      | Gained mutation: You are dopey. (Int -2) [potion of
                  | mutation]
  4978 | D:5      | Gained mutation: Your flesh is heat resistant. (rF+)
                  | [potion of mutation]
  4978 | D:5      | Gained mutation: You expend magic power (3 MP) to
                  | strengthen your wands. [potion of mutation]
  4978 | D:5      | Gained mutation: You are resistant to electric shocks.
                  | (rElec) [potion of mutation]
  4986 | D:5      | Found an iron altar of Okawaru.
  5226 | D:5      | Reached skill level 1 in Short Blades
  5270 | D:5      | HP: 2/60 [centaur (8)]
  5289 | D:5      | Slain by a centaur

Levels and vault maps discovered:
D:1:      dpeg_arrival_rooms_a, layout_basic, minivault_14, minivault_11
D:2:      layout_basic, chequers_ecumenical_altar_simple_redux, uniq_robin
D:3:      layout_rooms, kennysheep_donut, uniq_grinder, uniq_sigmund, uniq_ijyb,
          uniq_natasha
D:4:      layout_gridville, first_ration
D:5:      layout_basic, overflow_temple_1_default, minmay_temple_entry_arrows,
          minivault_26, okawaru_ov_weapons_minmay, uniq_duvessa,
          uniq_blork_the_orc
Temple:   regret_index_temple_generic_petals

Skill      XL: |  1  2  3  4  5  6  7  8 |
---------------+-------------------------+-----
Long Blades    | 3 4 5 7 |  7.9
Armour         | 2 3 |  3.5
Spellcasting   | 3 4 |  4.8
Fighting       | 3 |  3.9
Dodging        | 3 |  3.5
Charms         | 1 |  1.9
Throwing       | 2 |  2.2
Short Blades   | 1 |  1.0
Translocations | |  3.9

Action                   |  1- 3 |  4- 6 |  7- 9 || total
-------------------------+-------+-------+-------++-------
Melee: Falchion          |    95 |   171 |       ||   266
       Rapier            |       |    24 |    16 ||    40
       Long sword        |       |    10 |   159 ||   169
Throw: Dart              |       |    16 |    21 ||    37
 Cast: Shroud of Golubri |     3 |    18 |     6 ||    27
Invok: Reject Sacrifices |       |       |     1 ||     1
 Abil: Hop               |       |     2 |       ||     2
  Use: Scroll            |       |     5 |     1 ||     6
       Potion            |       |     1 |     6 ||     7
 Stab: Invisible         |       |     1 |       ||     1
  Eat: Chunk             |       |    10 |     8 ||    18
Armor: Leather armour    |    46 |    58 |    59 ||   163
Dodge: Dodged            |    86 |   138 |   111 ||   335
       Rpst.: Falchion   |    33 |    27 |       ||    60
       Long sword        |       |     3 |    32 ||    35

Table legend:
 A = Non-vault XP
 B = Vault XP
 C = Vault XP percentage of total XP
 D = Non-vault monster count
 E = Vault monster count
 F = Vault count percentage of total count
                 A         B        C        D         E       F
            +---------+---------+-------+---------+---------+-------
      Total |    1039 |     653 |  38.6 |      92 |      18 |  16.4
            +---------+---------+-------+---------+---------+-------
        D:1 |      41 |       0 |   0.0 |      22 |       0 |   0.0
        D:2 |     109 |      71 |  39.4 |      33 |      13 |  28.3
        D:3 |      54 |     253 |  82.4 |       9 |       2 |  18.2
        D:4 |     233 |       0 |   0.0 |      11 |       0 |   0.0
        D:5 |     602 |     329 |  35.3 |      17 |       3 |  15.0
            +---------+---------+-------+---------+---------+-------
